 Dungeon Crawl Stone Soup version 0.28-a0-1447-ga5a8893891 (webtiles) character file.

Game seed: 8859773725393281913

75 dolemite99 the Poker (level 4, -1/33 HPs)
             Began as a Merfolk Gladiator on Jan 12, 2022.
             Was a Believer of Cheibriados.
             Slain by a gnoll (6 damage)
             ... on level 3 of the Dungeon.
             The game lasted 00:02:07 (2337 turns).

dolemite99 the Poker (Merfolk Gladiator)            Turns: 2337, Time: 00:02:08

Health: -1/33      AC:  9    Str: 20    XL:     4   Next: 31%
Magic:  4/4        EV:  9    Int: 11    God:    Cheibriados [**....]
Gold:   27         SH:  0    Dex: 19    Spells: 3/3 levels left

rFire   . . .      SeeInvis .   a - +0 trident
rCold   . . .      Faith    .   (no shield)
rNeg    . . .      Spirit   .   t - +0 chain mail
rPois   .          Reflect  .   c - +0 helmet
rElec   .          Harm     .   (no cloak)
rCorr   .          Rampage  .   (no gloves)
Will    .....                   (no boots)
Stlth   ..........              (no amulet)
HPRegen 0.11/turn               (no ring)
MPRegen 0.09/turn               (no ring)

@: about to teleport, very slow
A: (nimble swimmer 2), mertail
a: Renounce Religion, Bend Time


You were on level 3 of the Dungeon.
You worshipped Cheibriados.
Cheibriados was pleased with you.
You visited 1 branch of the dungeon, and saw 3 of its levels.

You collected 27 gold pieces.

Inventory:

Hand Weapons
 a - a +0 trident (weapon)
 n - a +2 vampiric short sword
Missiles
 d - 3 throwing nets
 g - 38 sling bullets
 o - 5 poisoned darts (quivered)
 s - 35 stones
Armour
 b - a +0 leather armour
 c - a +0 helmet (worn)
 t - a +0 chain mail (worn)
Wands
 q - a wand of acid (8)
Scrolls
 f - 2 scrolls of identify {@r1}
 h - a scroll of noise {unknown}
 i - a scroll of immolation {unknown}
 j - 2 scrolls of enchant armour {unknown}
 k - a scroll of blinking {unknown}
 p - a scroll of teleportation
 r - a scroll of vulnerability {unknown}
Potions
 e - 2 potions of resistance {unknown}
 l - a potion of attraction {unknown}
 m - a potion of might {unknown}


   Skills:
 - Level 2.1 Fighting
 + Level 7.3 Polearms
 - Level 2.0 Throwing
 - Level 4.0 Dodging


You had 3 spell levels left.
You didn't know any spells.
Your spell library contained the following spells:

 Spells                   Type           Power      Damage    Failure   Level
 Magic Dart               Conj           0%         1d3       99%         1
 Searing Ray              Conj           0%         2d4       100%        2
 Fulminant Prism          Conj/Hex       0%         3d6       100%        4


Dungeon Overview and Level Annotations

Branches:
Dungeon (3/15)

Altars:
Cheibriados
Kikubaaqudgha


Innate Abilities, Weirdness & Mutations

((You are very nimble when in or above water. (Stealth+, EV+, Speed+++)))
Your lower body shifts to a powerful aquatic tail in water.


Message History

The gnoll is lightly wounded.
The gnoll hits you with a +0 spear.
You barely miss the gnoll.
The gnoll is lightly wounded.
The gnoll shouts!
The gnoll hits you with a +0 spear.
The gnoll shouts!
You hit the gnoll but do no damage.
The gnoll is lightly wounded.
The gnoll hits you with a +0 spear.
You closely miss the gnoll.
The gnoll is lightly wounded.
The gnoll barely misses you.
An endoplasm comes into view.
As you read the scroll labelled LUALOY XEDUSEST, it crumbles to dust.
It is a scroll of identify.
p - 2 scrolls of teleportation The endoplasm quivers.
The gnoll barely misses you.
As you read the scroll of teleportation, it crumbles to dust.
You feel strangely unstable. The gnoll hits you but does no damage.
Okay, then.
You hit the gnoll.
The gnoll is moderately wounded.
The gnoll closely misses you.
You barely miss the gnoll.
The gnoll is moderately wounded.
The gnoll hits you with a +0 spear. The gnoll hits you with a +0 whip.
The gnoll barely misses you.
You hit the gnoll but do no damage.
The gnoll is moderately wounded.
The gnoll hits you with a +0 spear.
* * * LOW HITPOINT WARNING * * *
The gnoll hits you with a +0 whip.
* * * LOW HITPOINT WARNING * * *
The gnoll hits you but does no damage.
You hit the gnoll.
The gnoll is moderately wounded.
The gnoll hits you but does no damage. The gnoll hits you with a +0 whip.
You die...

..## . ##†# # ..#
#.†##### #.##.# #..#....#
#...<#### .##..##..†.# #
###.....## ....# #....###
##.....# #.#.# #......#
#####J#####...###.....#..
#....##.........###..
#..#@g......###.# ##.
##..gg.)..### #...##.
##.###......# ###.#..
#....#.#.##... #...#
#.##...# ..# ##...
##.##.†.# #.# ...>. #
!.#....# #.# ##...
...#..##.# #.# #.#.
(......#.# #.# # #.


You could see 3 gnolls and an endoplasm.

Vanquished Creatures
  3 adders (D:2)
  2 dart slugs
  2 ball pythons
  9 endoplasms
  2 giant cockroaches
  4 goblins
  5 hobgoblins
  2 jackals (D:3)
  A bat (D:1)
  2 frilled lizards
  5 kobolds
  4 rats
41 creatures vanquished.

Notes
Turn   | Place    | Note
-------+----------+-------------------------------------------
     0 | D:1      | dolemite99 the Merfolk Gladiator began the quest for the
                  | Orb.
     0 | D:1      | Reached XP level 1. HP: 16/16 MP: 1/1
    51 | D:1      | Reached skill level 5 in Polearms
    52 | D:1      | Reached XP level 2. HP: 22/22 MP: 2/2
   545 | D:1      | Found a faded altar of an unknown god.
   553 | D:1      | Reached skill level 6 in Polearms
   553 | D:1      | Reached XP level 3. HP: 27/27 MP: 3/3
   557 | D:1      | Prayed at the altar of an unknown god.
   557 | D:1      | Became a worshipper of Cheibriados the Contemplative
   557 | D:1      | Reached * piety under Cheibriados
   697 | D:2      | Found an ancient bone altar of Kikubaaqudgha.
  2044 | D:2      | Reached skill level 7 in Polearms
  2044 | D:2      | Reached XP level 4. HP: 33/33 MP: 4/4
  2229 | D:3      | Reached ** piety under Cheibriados
  2337 | D:3      | Slain by a gnoll

Illustrated notes

Levels and vault maps discovered:
D:1:      lightli_arrival_chessboard, layout_basic,
          ebering_ecumenical_altar_ruins
D:2:      layout_loops_ring, basic_altar
D:3:      layout_rooms

Skill      XL: |  1  2  3 |
---------------+----------+-----
Polearms       | 5 6 7 |  7.3
Fighting       | |  2.1
Throwing       | |  2.0
Dodging        | |  4.0

Action                   |  1- 3 |  4- 6 || total
-------------------------+-------+-------++-------
Melee: Trident           |    84 |    20 ||   104
       Punch             |     2 |       ||     2
Throw: Dart              |     5 |     7 ||    12
  Use: Scroll            |       |     2 ||     2
 Stab: Sleeping          |     2 |       ||     2
Armor: Leather armour    |    21 |     3 ||    24
       Chain mail        |       |     5 ||     5
Dodge: Dodged            |    34 |    18 ||    52

Table legend: (Time is in decaauts)
 A = Elapsed time spent in this place.
 B = Non-inter-level travel time spent in this place.
 C = Inter-level travel time spent in this place.
 D = Time resting spent in this place.
 E = Time spent auto-exploring this place.
 F = Levels seen in this place.
 G = Mean time per level.
                   A        B        C        D        E       F      G
               +--------+--------+--------+--------+--------+-----+--------+
         Total |   2666 |   2532 |    134 |    776 |   1373 |   3 |  888.7 |
       Dungeon |   2666 |   2532 |    134 |    776 |   1373 |   3 |  888.7 |
               +--------+--------+--------+--------+--------+-----+--------+

Top non-repeatable levels by time:
     D:2: 1803 daAuts
     D:1: 663 daAuts
     D:3: 200 daAuts
